 Dungeon Crawl Stone Soup version 0.23.1 (webtiles) character file.

Game seed: 0

3150 Borgoz the Sneak (level 10, 0/58 HPs)
             Began as a Kobold Enchanter on Mar 7, 2019.
             Was a Follower of Ashenzari.
             Slain by a crocodile (16 damage)
             ... on level 8 of the Dungeon.
             The game lasted 00:30:14 (9817 turns).

Borgoz the Sneak (Kobold Enchanter)                 Turns: 9817, Time: 00:30:15

Health: 0/58       AC:  3    Str: 11    XL:     10   Next: 15%
Magic:  19/19      EV: 33    Int: 17    God:    Ashenzari [*.....]
Gold:   444        SH:  0    Dex: 15    Spells: 15/21 levels left

rFire    + . .     SeeInvis .   f - +1 dagger (venom)
rCold    . . .     Gourm    .   (shield restricted)
rNeg     . . .     Faith    .   h - +0 leather armour
rPois    .         Spirit   .   m - +2 hat (curse)
rElec    .         Reflect  .   (no cloak)
rCorr    .         Harm     .   (no gloves)
MR       .....                  (no boots)
Stlth    ++........             e - amulet of the acrobat
HPRegen  0.19/turn              x - ring of protection from fire
MPRegen  0.16/turn              (no ring)

@: acrobat, very slow
A: small, hooves 1, carnivore, deformed body, strong 1
a: Curse Item, Scrying, Renounce Religion


You were on level 8 of the Dungeon.
You worshipped Ashenzari.
Ashenzari was aware of your devotion.
You were completely stuffed.

You visited 2 branches of the dungeon, and saw 9 of its levels.

You collected 444 gold pieces.

Inventory:

Hand Weapons
 a - a +2 short sword of speed
 f - a +1 dagger of venom (weapon)
 o - a +0 short sword of holy wrath
 t - the cursed +1 dagger "Riceig" {pain, rF+ Str-2 Dex+6}
   (You found it on level 5 of the Dungeon)

   In the hands of one skilled in necromantic magic, it inflicts extra damage on
   living creatures.
   It affects your strength (-2).
   It affects your dexterity (+6).
   It protects you from fire.
   It has a curse placed upon it.
Missiles
 v - 11 poisoned needles
Armour
 b - a +1 robe of positive energy
 h - a +0 leather armour (worn)
 m - a cursed +2 hat (worn)
Jewellery
 e - an amulet of the acrobat (around neck)
 s - an uncursed amulet of magic regeneration
 x - a ring of protection from fire (left hand)
Wands
 i - a wand of random effects (16)
 k - a wand of disintegration (10)
 r - a wand of iceblast (10)
Scrolls
 c - a scroll of enchant armour
 g - a scroll of fog
 l - 4 scrolls of immolation
 q - 4 scrolls of teleportation
 y - 2 scrolls of identify
 B - a scroll of enchant weapon {unknown}
 C - a scroll of remove curse
Potions
 j - 2 potions of brilliance
 n - 2 potions of flight
 p - a potion of heal wounds
 u - a potion of curing {unknown}
 w - a potion of magic {unknown}
 A - 2 potions of might
Comestibles
 d - 9 rations
 z - 2 chunks of flesh


   Skills:
 + Level 4.5 Fighting
 + Level 7.0 Short Blades
 + Level 3.5 Armour
 + Level 6.3 Dodging
 + Level 7.1 Stealth
 + Level 6.0 Spellcasting
 + Level 6.9 Hexes
 - Level 1.6 Ice Magic
 - Level 0.1 Evocations


You had 15 spell levels left.
You knew the following spells:

 Your Spells              Type           Power        Failure   Level  Hunger
a - Corona                Hex            ####...      1%          1    None
b - Ensorcelled Hibernat  Hex/Ice        ###...       4%          2    None
c - Confuse               Hex            ####....     2%          3    ##.....

Your spell library contained the following spells:

 Spells                   Type           Power        Failure   Level  Hunger
 Tukima's Dance           Hex            ####....     2%          3    ##.....
 Dazzling Spray           Conj/Hex       ###...       12%         3    ##.....
 Magic Dart               Conj           #...         16%         1    None
 Searing Ray              Conj           #.....       24%         2    None
 Fulminant Prism          Conj/Hex       ###.......   36%         4    ####...
 Force Lance              Conj/Tloc      #.......     85%         4    ####...
 Iskenderun's Mystic Bla  Conj           #.......     85%         4    ####...


Dungeon Overview and Level Annotations

Branches:
Dungeon (8/15)             Temple (1/1) D:4            Lair (0/6) D:8

Altars:
Ashenzari
Cheibriados
Dithmenos
Elyvilon
Fedhas
Gozag
Hepliaklqana
Kikubaaqudgha
Makhleb
Nemelex Xobeh
Okawaru
Qazlal
Ru
Sif Muna
Trog
Uskayaw
Vehumet
Wu Jian
Xom
Yredelemnul
Zin
The Shining One


Innate Abilities, Weirdness & Mutations

You are small and have problems with some larger weapons.
You are carnivorous and can eat meat at any time.
You have large cloven feet.
Armour fits poorly on your strangely shaped body.
Your muscles are strong. (Str +2)


Message History

The crocodile is moderately wounded.
The crocodile barely misses you.
You hit the crocodile but do no damage.
The crocodile looks as sick as possible!
The crocodile is moderately wounded.
The electric eel shoots out a bolt of lightning at you!
The bolt of electricity hits you!
You hit the crocodile but do no damage.
The crocodile looks as sick as possible!
The crocodile is moderately wounded.
The crocodile bites you!!
The electric eel shoots out a bolt of lightning at you!
The bolt of electricity hits you!
* * * LOW HITPOINT WARNING * * *
The electric eel shoots out a bolt of lightning at you!
The bolt of electricity misses you.
You enter the shallow water.
Moving in this stuff is going to be slow.
The crocodile bites you!
You die...

.....≈≈## #.........
.......≈≈#########..#......
.........≈≈##........#......
≈≈≈≈≈≈....≈≈#.######>##.....
######≈....≈#.# #####...#
######≈....≈#.# ##.##
######≈.....'.# #.##
######≈.....'.# #.##
######≈....@### #.##
######≈....t# #...
≈≈≈≈≈≈....≈≈# ####
.........≈≈## ........≈≈##
.?.....≈≈## ..%...;≈##
≈≈..≈≈≈## ##''###


You could see a crocodile and an electric eel.

Vanquished Creatures
  A hippogriff (D:8)
  Sigmund (D:2)
  A yak (D:8)
  A basilisk (D:8)
  A water moccasin (D:5)
  An orc warrior (D:8)
  A sky beast (D:5)
  5 ice beasts
  A phantom (D:6)
  3 ogres
  A centaur (D:8)
  A crocodile (D:8)
  A big kobold (D:4)
  2 bullfrogs
  A scorpion (D:5)
  7 howler monkeys
  A crimson imp (D:5)
  A jelly (D:6)
  2 orc wizards
  3 orc priests
  2 hounds
  A gnoll shaman (D:5)
  Jessica (D:2)
  Natasha (D:2)
  An iguana (D:4)
  4 worker ants
  2 hound skeletons
  11 adders
  3 gnolls (D:5)
  3 shadow imps
  2 oozes
  An adder skeleton (D:5)
  A dart slug (D:2)
  4 worms
  5 leopard geckos
  25 orcs
  12 bats
  10 giant cockroaches
  13 goblins
  5 hobgoblins
  10 jackals (D:3)
  4 quokkas
  A ball python (D:4)
  6 frilled lizards
  A jackal skeleton (D:4)
  10 kobolds
  A quokka skeleton (D:5)
  4 rats
180 creatures vanquished.

Notes
Turn   | Place    | Note
-------+----------+-------------------------------------------
     0 | D:1      | Borgoz the Kobold Enchanter began the quest for the Orb.
     0 | D:1      | Reached XP level 1. HP: 10/10 MP: 3/3
    48 | D:1      | You fall through a shaft!
   361 | D:2      | Noticed Sigmund
   370 | D:2      | Killed Sigmund
   370 | D:2      | Reached XP level 2. HP: 4/16 MP: 4/6
   370 | D:2      | Reached XP level 3. HP: 5/20 MP: 4/7
   370 | D:2      | Reached XP level 4. HP: 7/24 MP: 4/8
   370 | D:2      | Reached XP level 5. HP: 8/28 MP: 4/9
   445 | D:2      | Learned a level 3 spell: Confuse
   721 | D:2      | HP: 1/28 [leopard gecko (4)]
  1042 | D:1      | Learned a level 2 spell: Ensorcelled Hibernation
  1870 | D:1      | Reached XP level 6. HP: 27/33 MP: 11/11
  2449 | D:2      | Noticed Natasha
  2458 | D:2      | Killed Natasha
  3034 | D:2      | Noticed Jessica
  3036 | D:2      | Killed Jessica
  3048 | D:2      | Found a faded altar of an unknown god.
  3379 | D:4      | Gained mutation: Your muscles are strong. (Str +2) [potion
                  | of mutation]
  3379 | D:4      | Gained mutation: Armour fits poorly on your strangely
                  | shaped body. [potion of mutation]
  3379 | D:4      | Gained mutation: You have large cloven feet. [potion of
                  | mutation]
  3390 | D:4      | Reached skill level 1 in Fighting
  3498 | D:4      | Noticed an ice beast
  3505 | D:4      | Killed an ice beast
  3505 | D:4      | Reached skill level 1 in Armour
  3505 | D:4      | Reached skill level 1 in Ice Magic
  3505 | D:4      | Reached XP level 7. HP: 38/38 MP: 10/12
  3547 | D:4      | Found a staircase to the Ecumenical Temple.
  3556 | D:4      | Learned a level 2 spell: Ensorcelled Hibernation
  3560 | D:4      | Learned a level 3 spell: Confuse
  3565 | Temple   | Entered the Ecumenical Temple
  3788 | Temple   | Became a worshipper of Ashenzari the Shackled
  3856 | D:4      | Found a sparkling altar of Nemelex Xobeh.
  3857 | D:4      | Found a hide-covered altar of Uskayaw.
  3972 | D:4      | Reached skill level 5 in Hexes
  4859 | D:5      | Entered Level 5 of the Dungeon
  5047 | D:5      | Reached XP level 8. HP: 43/43 MP: 9/14
  5974 | D:5      | Reached skill level 5 in Short Blades
  6029 | D:5      | Found a glowing silver altar of Zin.
  6674 | D:5      | Reached skill level 5 in Stealth
  6682 | D:5      | Reached skill level 5 in Spellcasting
  7212 | D:5      | Reached XP level 9. HP: 46/49 MP: 16/16
  7217 | D:5      | Got the cursed dagger "Riceig" {pain, rF+ Str-2 Dex+6}
  7391 | D:5      | Reached skill level 5 in Dodging
  7849 | D:6      | Reached * piety under Ashenzari
  8366 | D:6      | Found an ancient bone altar of Kikubaaqudgha.
  9486 | D:8      | Found a shattered altar of Ashenzari.
  9578 | D:8      | Noticed a hippogriff
  9593 | D:8      | Reached XP level 10. HP: 54/56 MP: 10/18
  9608 | D:8      | Found a staircase to the Lair.
  9817 | D:8      | Slain by a crocodile

Skill      XL: |  1  2  3  4  5  6  7  8  9 10 |
---------------+-------------------------------+-----
Short Blades   | 2 4 5 6 7 |  7.0
Dodging        | 3 4 6 |  6.3
Spellcasting   | 3 4 5 6 |  6.0
Hexes          | 4 5 6 |  6.9
Fighting       | 1 2 4 |  4.5
Armour         | 1 2 3 |  3.5
Ice Magic      | 1 |  1.6
Stealth        | 5 6 7 |  7.1
Evocations     | |  0.1

Action                   |  1- 3 |  4- 6 |  7- 9 | 10-12 || total
-------------------------+-------+-------+-------+-------++-------
Melee: Short sword       |    11 |   157 |    85 |       ||   253
       Dagger            |     7 |   241 |   328 |    23 ||   599
       Kick              |       |     1 |   101 |     6 ||   108
 Cast: Corona            |     1 |    12 |     1 |       ||    14
       Ensorcelled Hiber |       |    24 |    51 |     5 ||    80
       Confuse           |       |     9 |    10 |       ||    19
Invok: Curse Item        |       |       |     1 |       ||     1
Evoke: Wand              |       |     1 |       |       ||     1
  Use: Potion            |     2 |     5 |     1 |       ||     8
       Scroll            |       |     5 |    10 |       ||    15
 Stab: Sleeping          |     2 |    16 |    31 |     3 ||    52
       Confused          |       |     1 |     7 |       ||     8
       Distracted        |       |       |     1 |       ||     1
  Eat: Chunk             |     3 |    16 |    21 |     1 ||    41
Armor: Robe              |     2 |    57 |       |       ||    59
       Leather armour    |       |    17 |    26 |       ||    43
       Skin              |       |    25 |       |       ||    25
Dodge: Dodged            |    10 |   352 |   291 |    14 ||   667
